 Dungeon Crawl Stone Soup version 0.25-a0-667-gb977e01cb5 (webtiles) character file.

Game seed: 15577010726759889847, levelgen mode: deterministic

10537 kae the Grappler (level 11, -4/100 HPs)
             Began as a Naga Transmuter on Mar 27, 2020.
             Was an Elder of Cheibriados.
             Slain by a six-headed hydra (6 damage)
             ... on level 2 of the Lair of Beasts.
             The game lasted 00:17:43 (11432 turns).

kae the Grappler (Naga Transmuter)                 Turns: 11432, Time: 00:17:44

Health: -4/100     AC: 10    Str: 22    XL:     11   Next: 63%
Magic:  23/23      EV: 10    Int: 25    God:    Cheibriados [****..]
Gold:   704        SH:  0    Dex: 24    Spells: 15/26 levels left

rFire    . . .     SeeInvis +     - Unarmed
rCold    . . .     Gourm    .   (no shield)
rNeg     . . .     Faith    .   b - +1 robe
rPois    +         Spirit   .   (no helmet)
rElec    .         Reflect  .   H - +0 cloak
rCorr    .         Harm     .   A - +0 pair of gloves
MR       +....                  (no barding)
Stlth    ++........             g - amulet of regeneration
HPRegen  0.66/turn              x - +3 ring of protection
MPRegen  0.18/turn              y - +3 ring of dexterity

@: about to teleport, very slow
A: large, see invisible, deformed body, poison resistance, slowness 2, slow
metabolism 1, spit poison 1, AC +3
a: Spit Poison, Bend Time, Temporal Distortion, Slouch, Renounce Religion


You were on level 2 of the Lair of Beasts.
You worshipped Cheibriados.
Cheibriados was greatly pleased with you.
You were not hungry.

You visited 3 branches of the dungeon, and saw 13 of its levels.
You also visited: Sewer.

You collected 704 gold pieces.

Inventory:

Hand Weapons
 r - the +1 hand axe "Weag" {drain, rElec Str+4 Int+2}
   (You found it on level 5 of the Dungeon)

   A truly terrible weapon, it drains the life of those it strikes.
   It affects your strength (+4).
   It affects your intelligence (+2).
   It insulates you from electricity.
Missiles
 a - 316 arrows
Armour
 b - a +1 robe (worn)
 A - a +0 pair of gloves (worn)
 H - a +0 cloak (worn)
Jewellery
 g - an amulet of regeneration (around neck)
 m - an uncursed ring of positive energy
 o - an uncursed ring of resist corrosion
 x - a +3 ring of protection (left hand)
 y - a +3 ring of dexterity (right hand)
 E - the cursed necklace of Bloodlust {*Rage +Rage MR++ Int-3 Slay+6 *Curse}
   (You found it on level 1 of the Lair of Beasts)

   [amulet of rage]

   It affects your intelligence (-3).
   It affects your accuracy and damage with ranged weapons and melee attacks
   (+6).
   It affects your resistance to hostile enchantments.
   It lets you go berserk.
   It may make you go berserk in combat.
   It curses itself when equipped.
   It has a curse placed upon it.
Wands
 c - a wand of random effects (31)
 s - a wand of polymorph (7)
 w - a wand of flame (8)
 z - a wand of disintegration (7)
Scrolls
 t - 3 scrolls of remove curse
 u - 2 scrolls of magic mapping
 G - 2 scrolls of amnesia
Potions
 e - 3 potions of invisibility
 f - 4 potions of haste
 h - 2 potions of flight
 i - 2 potions of might
 l - 5 potions of lignification
 n - a potion of mutation
 p - a potion of magic
 v - a potion of cancellation
 F - 2 potions of brilliance
Comestibles
 d - 20 rations
 k - 3 chunks of flesh


   Skills:
 + Level 7.3 Fighting
 - Level 1.5 Dodging
 - Level 12.0 Unarmed Combat
 - Level 8.3 Spellcasting
 - Level 8.0 Transmutations


You had 15 spell levels left.
You knew the following spells:

 Your Spells              Type           Power        Failure   Level  Hunger
a - Beastly Appendage     Tmut           ######       1%          1    None
b - Sticks to Snakes      Tmut           ######..     1%          2    None
c - Spider Form           Tmut/Pois      ####......   3%          3    None
d - Blade Hands           Tmut           ######....   6%          5    ####...

Your spell library contained the following spells:

 Spells                   Type           Power        Failure   Level  Hunger
 Sting                    Tmut/Pois      ####         1%          1    None
 Shock                    Conj/Air       ##..         6%          1    None
 Summon Small Mammal      Summ           ##..         6%          1    None
 Ignite Poison            Fire/Tmut/Pois ###.....     6%          3    None
 Call Imp                 Summ           ##......     9%          2    None
 Poisonous Vapours        Pois/Air       ##....       9%          2    None
 Swiftness                Chrm/Air       ##......     9%          2    None
 Ice Form                 Ice/Tmut       ####....     11%         4    ##.....
 Call Canine Familiar     Summ           ##......     19%         3    None
 Mephitic Cloud           Conj/Pois/Air  ##......     19%         3    None
 Static Discharge         Conj/Air       ##......     19%         3    None
 Summon Guardian Golem    Hex/Summ       ##......     19%         3    None
 Teleport Other           Tloc           ##......     19%         3    None
 Airstrike                Air            ##........   52%         4    ##.....
 Olgreb's Toxic Radiance  Pois           ##......     52%         4    ##.....
 Passage of Golubria      Tloc           N/A          52%         4    ##.....
 Summon Ice Beast         Ice/Summ       ##......     52%         4    ##.....
 Summon Lightning Spire   Summ/Air       ##......     52%         4    ##.....
 Excruciating Wounds      Chrm/Necr      ##........   86%         5    ####...
 Lightning Bolt           Conj/Air       ##........   86%         5    ####...
 Summon Forest            Summ/Tloc      ##........   86%         5    ####...


Dungeon Overview and Level Annotations

Branches:
Dungeon (10/15)            Temple (1/1) D:4            Lair (2/6) D:8
  Snake (0/4) Lair:2        Sewer (visited)
  Swamp: Lair:2-4    Shoals: Lair:2-4       Orc: D:9-12

Altars:
Ashenzari
Cheibriados
Dithmenos
Elyvilon
Fedhas
Gozag
Hepliaklqana
Kikubaaqudgha
Makhleb
Nemelex Xobeh
Okawaru
Qazlal
Ru
Sif Muna
Trog
Uskayaw
Vehumet
Wu Jian
Xom
Yredelemnul
Zin
The Shining One

Shops:
D:6 %   D:10 (

Annotations:
D:10 exclusion: electric eel
Lair:1 3 runed translucent doors, Santreim's ghost, journeyman HOFi


Innate Abilities, Weirdness & Mutations

You cannot wear boots.
Your serpentine skin is tough. (AC +3)
You have supernaturally acute eyesight. (SInv)
Armour fits poorly on your strangely shaped body.
Your system is resistant to poisons. (rPois)
You cover ground very slowly.
You have a slow metabolism.
You can spit poison.


Message History

The six-headed hydra barely misses you.
The six-headed hydra bites you but does no damage.
The six-headed hydra bites you.
* * * LOW HITPOINT WARNING * * *
The six-headed hydra bites you.
* * * LOW HITPOINT WARNING * * *
Okay, then.
Okay, then.
As you read the scroll of teleportation, it crumbles to dust.
You feel strangely unstable. The six-headed hydra bites you.
* * * LOW HITPOINT WARNING * * *
The six-headed hydra bites you.
* * * LOW HITPOINT WARNING * * *
The six-headed hydra bites you.
* * * LOW HITPOINT WARNING * * *
The wolf howls!
The six-headed hydra bites you but does no damage.
The six-headed hydra closely misses you.
The six-headed hydra bites you.
You die...

##..##÷.# .........
#....#..###........
##...#....÷........ #
##..##............. ##.
#........#.........
#...##.......###........
##.......P.[.. #........
#.....D..##..# #........
#@..#..###.....†..
...##..##..P#P...###.. .
#..##...##..##...## #..
.. #...##..#.....#..# #..
... # ....##>..#..###..#
#..
....#P##...##..##...#...#
##..
......#P..P##...#...#...#
#...
......†...###h..#...##..#
#...
....F......##..P#...##..#
##..


You could see a six-headed hydra and a wolf.

Vanquished Creatures
  Pikel (D:5)
  6 spiny frogs
  A komodo dragon (Lair:2)
  2 hippogriffs
  A basilisk (Lair:1)
  17 yaks
  Menkaure (D:5)
  Edmund (D:6)
  2 water moccasins
  3 porcupines
  A hornet zombie (D:7)
  4 orc warriors
  6 sky beasts
  A slave (D:5)
  A black bear (D:7)
  An ogre (D:7)
  A necrophage (D:9)
  4 centaurs
  4 wolves (Lair:2)
  2 big kobolds
  9 bullfrogs
  6 scorpions
  6 electric eels
  2 howler monkeys (D:8)
  2 bullfrog zombies
  A crimson imp (D:5)
  A quasit (D:9)
  A jelly (D:9)
  8 orc priests
  2 bullfrog skeletons
  3 hounds
  5 iguanas
  5 orc wizards
  6 worker ants
  A killer bee zombie (D:9)
  A hound zombie (D:5)
  A worker ant zombie (D:7)
  10 adders
  A shadow imp (D:7)
  2 oozes (D:2)
  An adder zombie (D:7)
  An adder skeleton (D:4)
  6 worms
  4 dart slugs
  4 leopard geckos
  29 orcs
  3 bats
  6 giant cockroaches
  4 goblins
  7 hobgoblins
  2 jackals (Sewer)
  3 quokkas
  5 ball pythons
  7 frilled lizards
  15 kobolds
  A leopard gecko zombie (D:6)
  3 quokka skeletons
  19 rats
  3 fungi (Lair:2)
256 creatures vanquished.

Vanquished Creatures (others)
  3 fungi (Lair:2)
  2 plants (Lair:2)
5 creatures vanquished.

Grand Total: 261 creatures vanquished

Notes
Turn   | Place    | Note
-------+----------+-------------------------------------------
     0 | D:1      | kae the Naga Transmuter began the quest for the Orb.
     0 | D:1      | Reached XP level 1. HP: 18/18 MP: 3/3
   126 | D:1      | Reached XP level 2. HP: 20/25 MP: 5/5
   135 | D:1      | HP: 1/25 [bat (1)]
   639 | D:1      | Reached XP level 3. HP: 18/31 MP: 4/6
  1038 | D:2      | Learned a level 2 spell: Sticks to Snakes
  1042 | D:2      | Learned a level 3 spell: Spider Form
  1048 | D:2      | Noticed a sky beast
  1061 | D:2      | Killed a sky beast
  1061 | D:2      | Reached skill level 4 in Unarmed Combat
  1061 | D:2      | Reached XP level 4. HP: 5/38 MP: 4/8
  1061 | D:2      | Reached XP level 5. HP: 5/44 MP: 4/9
  2006 | D:3      | Found a glowing drain.
  2015 | Sewer    | Entered a sewer
  2089 | Sewer    | Noticed a big kobold
  2126 | Sewer    | Killed a big kobold
  2126 | Sewer    | Reached skill level 5 in Unarmed Combat
  2126 | Sewer    | Reached XP level 6. HP: 43/51 MP: 2/10
  2215 | Sewer    | Found a glowing silver altar of Zin.
  3015 | D:3      | Noticed a black bear
  3090 | D:4      | Found a staircase to the Ecumenical Temple.
  3092 | D:4      | Noticed an orc warrior
  3195 | D:4      | Killed an orc warrior
  3195 | D:4      | Reached XP level 7. HP: 41/57 MP: 9/12
  3233 | D:4      | Reached skill level 6 in Unarmed Combat
  3250 | Temple   | Entered the Ecumenical Temple
  3631 | D:4      | Found a shadowy altar of Dithmenos.
  3737 | D:4      | Identified the Catalogue of Assistive Orientation
  3874 | D:5      | Entered Level 5 of the Dungeon
  3892 | D:5      | Noticed Menkaure
  3900 | D:5      | Killed Menkaure
  4014 | D:5      | Noticed Pikel
  4046 | D:5      | Killed Pikel
  4046 | D:5      | Reached skill level 7 in Unarmed Combat
  4046 | D:5      | Reached skill level 5 in Transmutations
  4046 | D:5      | Reached XP level 8. HP: 37/64 MP: 12/15
  4197 | D:5      | Reached skill level 8 in Unarmed Combat
  4197 | D:5      | Reached skill level 5 in Spellcasting
  4599 | D:5      | Found a snail-covered altar of Cheibriados.
  4679 | D:5      | Got a twisted hand axe
  4680 | D:5      | Identified the cursed +1 hand axe "Weag" {drain, rElec
                  | Str+4 Int+2} (You found it on level 5 of the Dungeon)
  4940 | D:6      | Found Qycog's Food Shop.
  5036 | D:6      | Reached XP level 9. HP: 38/70 MP: 14/17
  5105 | D:6      | Found a white marble altar of Elyvilon.
  5121 | D:6      | Noticed Edmund
  5141 | D:6      | Killed Edmund
  5701 | D:5      | Became a worshipper of Cheibriados the Contemplative
  5868 | D:7      | Reached skill level 9 in Unarmed Combat
  6111 | D:7      | Found an ancient bone altar of Kikubaaqudgha.
  6521 | D:7      | Reached * piety under Cheibriados
  6794 | D:8      | Found a burning altar of Makhleb.
  6836 | D:8      | Found a sacrificial altar of Ru.
  6981 | D:8      | Found a staircase to the Lair.
  7254 | D:8      | Found a sacrificial altar of Ru.
  7254 | D:8      | Found a sacrificial altar of Ru.
  7256 | D:8      | Found a shadowy altar of Dithmenos.
  7256 | D:8      | Found a shimmering altar of Xom.
  7256 | D:8      | Found a hide-covered altar of Uskayaw.
  7339 | D:9      | Reached skill level 10 in Unarmed Combat
  7372 | D:9      | Found a sparkling altar of Nemelex Xobeh.
  7434 | D:9      | Found a bloodstained altar of Trog.
  7472 | D:9      | Reached ** piety under Cheibriados
  7472 | D:9      | Reached XP level 10. HP: 78/78 MP: 16/19
  7473 | D:9      | Found an iron altar of Okawaru.
  8096 | D:10     | Entered Level 10 of the Dungeon
  8274 | D:10     | Found an opulent altar of Gozag.
  8321 | D:10     | Reached *** piety under Cheibriados
  8330 | D:10     | Found Waetwuet's Antique Weapon Emporium.
  8615 | D:10     | Reached skill level 11 in Unarmed Combat
  9292 | Lair:1   | Entered Level 1 of the Lair of Beasts
  9334 | Lair:1   | Found a runed translucent gate.
  9334 | Lair:1   | Found a runed translucent gate.
  9334 | Lair:1   | Found a runed translucent gate.
  9341 | Lair:1   | Learned a level 5 spell: Blade Hands
  9341 | Lair:1   | Noticed Santreim's ghost (journeyman HOFi)
  9382 | Lair:1   | Noticed a spiny frog
  9393 | Lair:1   | Killed a spiny frog
  9403 | Lair:1   | Noticed a spiny frog
  9409 | Lair:1   | Killed a spiny frog
  9603 | Lair:1   | Found the cursed necklace of Bloodlust {*Rage +Rage MR++
                  | Int-3 Slay+6 *Curse}
  9747 | Lair:1   | Noticed a spiny frog
  9771 | Lair:1   | Reached skill level 12 in Unarmed Combat
  9771 | Lair:1   | Reached XP level 11. HP: 28/84 MP: 14/22
 10574 | Lair:1   | HP: 2/92 [spiny frog (12)]
 10577 | Lair:1   | Reached **** piety under Cheibriados
 10840 | Lair:2   | Noticed a six-headed hydra
 10943 | Lair:2   | Reached skill level 5 in Fighting
 11130 | Lair:2   | Found a staircase to the Snake Pit.
 11432 | Lair:2   | HP: 2/100 [six-headed hydra (4)]
 11432 | Lair:2   | Slain by a six-headed hydra

Levels and vault maps discovered:
D:1:      psy_arrival_heroes, layout_basic
D:2:      layout_basic, first_ration, minmay_fractal_squares_5
D:3:      layout_loops_ring, portal_sewer_entry_d, lightli_corner_chamber
D:4:      layout_rooms, grunt_dithmenos_smoke, minmay_temple_entry_trees
D:5:      minmay_spotlight, layout_basic, overflow_temple_1_default, uniq_pikel,
          uniq_menkaure
D:6:      layout_loops_ring, elyvilon_altar_5, serial_shops, nicolae_shop_stone,
          corexii_item_surrounded_by_moat, uniq_edmund
D:7:      layout_loops_corners, kiku_gazebo_pond_becter
D:8:      kennysheep_big_flooded_room, layout_basic, bloody_makhleb,
          doesnt_xom_only_xom, lair_entry_dummy
D:9:      layout_roguey, nemelex_altar_shiori, grunt_temple_overflow_bloody_war
D:10:     wad_lake_hut, layout_gridville, serial_shops,
          nicolae_shop_temple_entry_statues_fountains, grunt_tengu_nest,
          small_statue_intersection,
          nicolae_gozag_cash_rules_everything_around_me
Temple:   nicolae_temple_figure_eight
Lair:1:   layout_regular_city, ebering_ghost_rock_garden, serial_bayou_shore_a
Lair:2:   layout_long_grid, elwin_shoals_entry_rooms, dummy_snake_entry

Skill      XL: |  1  2  3  4  5  6  7  8  9 10 11 |
---------------+----------------------------------+-----
Unarmed Combat | 4 5 7 8 10 12 | 12.0
Transmutations | 3 4 5 7 8 |  8.0
Spellcasting   | 3 4 5 6 7 8 |  8.3
Fighting       | 7 |  7.3
Dodging        | |  1.5

Action                   |  1- 3 |  4- 6 |  7- 9 | 10-12 || total
-------------------------+-------+-------+-------+-------++-------
Melee: Unarmed           |    64 |   263 |   376 |   247 ||   950
       Headbutt          |     3 |    20 |    25 |    21 ||    69
       Punch             |       |     2 |     3 |    22 ||    27
 Cast: Beastly Appendage |    12 |    29 |    19 |    14 ||    74
       Spider Form       |     1 |     6 |    21 |     6 ||    34
       Sticks to Snakes  |       |       |     1 |       ||     1
       Blade Hands       |       |       |       |     7 ||     7
Invok: Bend Time         |       |       |       |     2 ||     2
 Abil: Spit Poison       |     8 |    11 |     2 |    17 ||    38
       End Transformatio |       |       |       |     1 ||     1
Evoke: Wand              |       |       |       |     4 ||     4
  Use: Potion            |     1 |     2 |       |     8 ||    11
       Scroll            |     3 |     3 |    12 |    11 ||    29
 Stab: Sleeping          |       |       |     2 |     1 ||     3
  Eat: Chunk             |       |     8 |     7 |     7 ||    22
       Ration            |       |       |     2 |     1 ||     3
Armor: Robe              |    17 |    50 |    63 |    70 ||   200
       Skin              |       |     2 |     8 |     4 ||    14
Dodge: Dodged            |    42 |   130 |   186 |   160 ||   518

Table legend:
 A = Non-vault XP
 B = Vault XP
 C = Vault XP percentage of total XP
 D = Non-vault monster count
 E = Vault monster count
 F = Vault count percentage of total count
                 A         B        C        D         E       F
            +---------+---------+-------+---------+---------+-------
      Total |   13700 |    1353 |   9.0 |     223 |      29 |  11.5
            +---------+---------+-------+---------+---------+-------
        D:1 |      39 |       0 |   0.0 |      23 |       0 |   0.0
        D:2 |     163 |      26 |  13.8 |      13 |       8 |  38.1
        D:3 |     199 |      13 |   6.1 |      32 |       1 |   3.0
        D:4 |     345 |       0 |   0.0 |      14 |       0 |   0.0
        D:5 |     440 |     863 |  66.2 |      16 |       4 |  20.0
        D:6 |     385 |     157 |  29.0 |      12 |       1 |   7.7
        D:7 |    1066 |       0 |   0.0 |      21 |       0 |   0.0
        D:8 |     369 |      55 |  13.0 |      10 |       2 |  16.7
        D:9 |    1758 |     125 |   6.6 |      25 |       1 |   3.8
       D:10 |     708 |       0 |   0.0 |      18 |       0 |   0.0
     Lair:1 |    4918 |       0 |   0.0 |      23 |       0 |   0.0
     Lair:2 |    3310 |       0 |   0.0 |      16 |       0 |   0.0
      Sewer |       0 |     114 | 100.0 |       0 |      12 | 100.0
            +---------+---------+-------+---------+---------+-------
